Map: Eternal Empire LE

Players

antagomiR

  • Race: Zerg Zerg
  • League: Gold
  • Spawn Location: 7:00

A.I. 1 (Very Easy) - Winner!

  • Race: Protoss Protoss
  • Spawn Location: 1:00

VOD

Have the link to the VOD?

Description

Time

  • Played on: April 1, 2020, 8:09 p.m.
  • Length: 11:59
Show
View Real Time Build Order
Export as new Build Order

antagomiR Zerg 

Build Orders: Pool First 

Get SALT Encoding   

  12  2:54  Overlord  
  12  2:56  Overlord  
  12  5:31  Extractor  
  11  7:34  Spawning Pool  
  10  10:01  Hatchery  
  9  10:23  Extractor  
  8  11:24  Zergling x2  
  8  11:34  Zergling x2  
  8  11:37  Zergling x2  
Show
View Real Time Build Order
Export as new Build Order

A.I. 1 (Very Easy) Protoss - Winner!

Build Orders:  

Get SALT Encoding   

  12  0:00  Probe  
  13  0:13  Probe  
  14  0:19  Pylon  
  14  0:36  Assimilator  
  14  0:43  Gateway  
  14  0:46  Pylon  
  14  1:13  Assimilator  
  14  1:17  Probe  
  15  1:25  Probe  
  16  1:33  Cybernetics Core  
  16  1:34  Probe  
  17  1:44  Probe  
  18  1:56  Probe  
  18  1:59  Warp Gate  
  19  2:04  Probe  
  20  2:11  Stalker  
  22  5:43  Zealot  
  22  5:44  Probe  
  22  5:46  Pylon  
  22  5:47  Robotics Facility  
  25  5:53  Probe  
  26  6:01  Probe  
  26  6:10  Probe  
  27  6:18  Probe, Pylon  
  29  6:35  Zealot, Observer  
  32  6:56  Observer  
  33  7:10  Nexus  
  33  8:20  Probe  
  34  8:28  Probe  
  34  8:32  Assimilator  
  34  8:33  Probe, Assimilator  
  35  8:40  Probe  
  36  8:47  Probe  
  38  8:58  Probe  
  39  9:05  Probe  
  40  9:13  Probe  
  41  9:17  Probe  
  42  9:25  Probe  
  42  9:30  Probe  
  43  9:33  Stalker  
  43  9:37  Probe  
  45  9:48  Probe  
  46  9:55  Probe  
  47  10:03  Probe  
  48  10:54  Warp Prism  
  50  11:04  Stargate  
  50  11:07  Robotics Bay  
  50  11:10  Pylon  
  50  11:18  Warp Prism  
  52  11:33  Pylon  
  52  11:52  Stargate  
Tags
 
League
Gold
Matchup
PvZ
Opening
Pool First
Replay Pack
20200422
Spawn Locations
Cross Positions
Add a new tag
Caveats
  • Supply blocks, unpowered buildings, or Contaminate may cause inaccurate times.
  • Supply counts are checked every 10 seconds.